 Dungeon Crawl Stone Soup version 0.30-a0-177-g1cb5dbfd7a (webtiles) character file.

Game seed: 10978567665884341184

77 porpoise the Ruffian (level 4, -2/44 HPs)
             Began as a Troll Warper on Oct 3, 2022.
             Slain by Robin
             ... wielding a +0 trident
              (3 damage)
             ... on level 3 of the Dungeon.
             The game lasted 00:06:07 (1964 turns).

porpoise the Ruffian (Troll Warper)                 Turns: 1964, Time: 00:06:08

Health: -2/44      AC:  4    Str: 19    XL:     4   Next: 13%
Magic:  13/13      EV: 10    Int:  9    God:
Gold:   198        SH:  0    Dex: 11    Spells: 5/5 levels left

rFire   . . .      SeeInvis .      - Unarmed
rCold   . . .      Faith    .    (no shield)
rNeg    . . .      Spirit   .    a - +0 robe
rPois   .          Reflect  .    (helmet restricted)
rElec   .          Harm     .    (no cloak)
rCorr   .          Rampage  .    (gloves unavailable)
Will    .....                    (boots unavailable)
Stlth   +.........               (no amulet)
HPRegen 1.07/turn                k - ring of magical power
MPRegen 0.13/turn                (no ring)

@: lethally poisoned (-2 -> -2)
A: large, unfitting armour, claws 3, regeneration 1, shaggy fur 1, tough skin 1
a: no special abilities


You were on level 3 of the Dungeon.
You visited 1 branch of the dungeon, and saw 3 of its levels.

You collected 198 gold pieces.

Inventory:

Hand Weapons
 b - a +0 sling
 w - the +3 flail "Neteimetoq" {vorpal, rPois rC+ rCorr Int+4}
   (You found it on level 2 of the Dungeon)

   It inflicts extra damage upon your enemies.
   Int:       It affects your intelligence (+4).
   rC:        It protects you from cold.
   rPois:     It protects you from poison.
   rCorr:     It protects you from acid and corrosion.
 z - a +0 spear
Missiles
 d - 7 boomerangs of dispersal (quivered)
Armour
 a - a +0 robe (worn)
Jewellery
 k - a ring of magical power (left claw)
Scrolls
 c - a scroll of blinking
 e - a scroll of acquirement {unknown}
 h - a scroll of immolation {unknown}
 i - a scroll of silence {unknown}
 l - a scroll of identify {unknown}
 m - a scroll of enchant armour {unknown}
 n - a scroll of teleportation {unknown}
Potions
 f - a potion of haste {unknown}
 g - a potion of resistance {unknown}
 j - 3 potions of curing {unknown}
 o - 2 potions of ambrosia {unknown}


   Skills:
 + Level 2.4 Fighting
 - Level 1.7 Polearms
 - Level 0.8 Throwing
 - Level 1.9 Dodging
 * Level 2.9 Unarmed Combat
 - Level 1.2 Spellcasting
 - Level 2.1 Translocations


You had 5 spell levels left.
You didn't know any spells.
Your spell library contained the following spells:

 Spells                   Type           Power      Damage    Failure   Level
 Blink                    Tloc           8%         N/A       22%         2
 Gell's Gravitas          Tloc           4%         N/A       41%         3
 Lesser Beckoning         Tloc           4%         N/A       41%         3
 Teleport Other           Tloc           4%         N/A       41%         3
 Manifold Assault         Tloc           4%         N/A       82%         4


Dungeon Overview and Level Annotations

Branches:
Dungeon (3/15)

Altars:
Cheibriados

Annotations:
D:3 Robin


Innate Abilities, Weirdness & Mutations

You are too large for most types of armour.
You have claws for hands.
Your natural rate of healing is unusually fast.
You are covered in fur. (AC +1)
You have tough skin. (AC +1)


Message History

You kill the hobgoblin!
You scratch the hobgoblin but do no damage.
Robin throws the goblin at you!
A hobgoblin comes into view. It is wielding a +0 mace.
The hobgoblin hits you but does no damage.
The goblin unwields a +0 sling of flaming.
It stops flaming.
The goblin wields a +0 dagger.
The goblin hits you but does no damage.
The hobgoblin shouts!
You claw the hobgoblin!
You kill the hobgoblin!
Robin roars a battlecry!
The goblins go into a battle-frenzy!
The goblin closely misses you.
You barely miss the goblin. The goblin barely misses you.
Robin hits you from afar with a +0 trident.
The goblin barely misses you.
You scratch the goblin.
The goblin is severely wounded.
Robin says, "A pitiful Troll like you will never find the ORB!"
Robin hits you from afar with a +0 trident.
The goblin hits you with a +0 dagger of venom.
You are poisoned.
The goblin hits you with a +0 dagger.
You claw the goblin!
You kill the goblin!
You feel very sick. Robin hits you but does no damage.
The goblin hits you with a +0 dagger.
You claw the goblin!
You kill the goblin!
You feel sick. Robin barely misses you.
You barely miss the hobgoblin.
You feel sick. The hobgoblin hits you with a +0 mace!
Robin hits you from afar with a +0 trident!
* * * LOW HITPOINT WARNING * * *
You barely miss the hobgoblin.
You feel sick. The hobgoblin hits you with a +0 mace!
* * * LOW HITPOINT WARNING * * *
Robin hits you from afar with a +0 trident.
You die...

#.#.###.....g##
#.#.###.##..g.# #######
#.#.##...#....# #.....#
#......_.......##.....#
##...#...##.##........#
# #...##.## .#
##......#..
#......###.# #.g......#
#..........# ##g...#
#......##### #@..#.#
######.########))##.###
#.....))..........
########.#.###.###
#...# # ###.# #.# ...
.###


You could see Robin and a hobgoblin (strong).

Vanquished Creatures
  3 adders
  2 dart slugs (D:1)
  4 ball pythons
  4 bats
  4 giant cockroaches
  10 goblins
  4 hobgoblins (D:3)
  3 quokkas
  A frilled lizard (D:2)
  4 kobolds
  3 rats
42 creatures vanquished.

Notes
Turn   | Place    | Note
-------+----------+-------------------------------------------
     0 | D:1      | porpoise the Troll Warper began the quest for the Orb.
     0 | D:1      | Reached XP level 1. HP: 19/19 MP: 1/1
   160 | D:1      | Reached skill level 1 in Unarmed Combat
   160 | D:1      | Reached XP level 2. HP: 28/28 MP: 2/2
   865 | D:1      | Found a faded altar of an unknown god.
  1170 | D:2      | Reached XP level 3. HP: 31/35 MP: 3/3
  1292 | D:2      | Identified the +3 flail "Neteimetoq" {vorpal, rPois rC+
                  | rCorr Int+4}
  1866 | D:3      | Found a snail-covered altar of Cheibriados.
  1927 | D:3      | Reached XP level 4. HP: 43/44 MP: 4/4
  1946 | D:3      | Noticed Robin
  1964 | D:3      | HP: 1/44 [hobgoblin/+0 mace[Robin] (7)]
  1964 | D:3      | Slain by Robin

Illustrated notes

Levels and vault maps discovered:
D:1:      ncdulo_wetmaze, layout_basic,
          dreamdust_ecumenical_altar_hidden_monk_grotto
D:2:      layout_basic
D:3:      layout_rooms, nicolae_sif_muna_condensation,
          yredelemnul_altar_generic, nicolae_overflow_crystal_walls,
          uniq_natasha, uniq_robin

Skill      XL: |  1  2 |
---------------+-------+-----
Unarmed Combat | 1 2 |  2.9
Fighting       | 2 |  2.4
Polearms       | |  1.7
Throwing       | |  0.8
Dodging        | |  1.9
Spellcasting   | |  1.2
Translocations | |  2.1

Action                   |  1- 3 |  4- 6 || total
-------------------------+-------+-------++-------
Melee: Unarmed           |    88 |    20 ||   108
       Spear             |     3 |       ||     3
       Punch             |     2 |       ||     2
 Stab: Sleeping          |     1 |       ||     1
Armor: Robe              |    37 |     6 ||    43
Dodge: Dodged            |    32 |     8 ||    40

Table legend: (Time is in decaauts)
 A = Elapsed time spent in this place.
 B = Non-inter-level travel time spent in this place.
 C = Inter-level travel time spent in this place.
 D = Time resting spent in this place.
 E = Time spent auto-exploring this place.
 F = Levels seen in this place.
 G = Mean time per level.
                   A        B        C        D        E       F      G
               +--------+--------+--------+--------+--------+-----+--------+
         Total |   1962 |   1909 |     53 |    107 |   1450 |   3 |  654.0 |
       Dungeon |   1962 |   1909 |     53 |    107 |   1450 |   3 |  654.0 |
               +--------+--------+--------+--------+--------+-----+--------+

Top non-repeatable levels by time:
     D:1: 1030 daAuts
     D:2: 733 daAuts
     D:3: 199 daAuts
